 Dungeon Crawl Stone Soup version 0.27.1-1-g398f81649c (webtiles) character file.

Game seed: 14634800319477240564

41 Metae the Skirmisher (level 3, 0/33 HPs)
             Began as a Hill Orc Fighter on Sept 17, 2021.
             Succumbed to an adder's poison
             ... on level 2 of the Dungeon.
             The game lasted 00:02:26 (1152 turns).

Metae the Skirmisher (Hill Orc Fighter)             Turns: 1152, Time: 00:02:27

Health: 0/33       AC:  9    Str: 19    XL:     3   Next: 52%
Magic:  3/3        EV:  5    Int:  8    God:
Gold:   32         SH:  9    Dex: 10    Spells: 2/2 levels left

rFire    . . .     SeeInvis .   a - +0 war axe
rCold    . . .     Faith    .   c - +0 kite shield
rNeg     . . .     Spirit   .   e - +0 chain mail
rPois    .         Reflect  .   (no helmet)
rElec    .         Harm     .   (no cloak)
rCorr    .         Rampage  .   (no gloves)
Will     .....                  (no boots)
Stlth    ..........             (no amulet)
HPRegen  0.11/turn              (no ring)
MPRegen  0.08/turn              (no ring)

@: lethally poisoned (0 -> -11)
A: no striking features
a: no special abilities


You were on level 2 of the Dungeon.
You visited 1 branch of the dungeon, and saw 2 of its levels.

You collected 32 gold pieces.

Inventory:

Hand Weapons
 a - a +0 war axe (weapon)
Armour
 b - a +0 scale mail
 c - a +0 kite shield (worn)
 e - a +0 chain mail (worn)
Scrolls
 h - a scroll of identify {unknown}
 k - a scroll of teleportation {unknown}
Potions
 d - a potion of might
 f - a potion of invisibility {unknown}
 g - a potion of flight {unknown}
 i - a potion of curing {unknown}
 j - a potion of lignification {unknown}
 l - a potion of magic {unknown}


   Skills:
 + Level 4.1 Fighting
 + Level 3.4 Axes
 + Level 3.7 Armour
 + Level 3.7 Shields


You had 2 spell levels left.
You didn't know any spells.
Your spell library contained the following spells:

 Spells                   Type           Power      Damage    Failure   Level
 Call Canine Familiar     Summ           0%         N/A       100%        3
 Portal Projectile        Hex/Tloc       0%         N/A       100%        3
 Leda's Liquefaction      Hex/Erth       0%         N/A       100%        4


Dungeon Overview and Level Annotations

Branches:
Dungeon (2/15)

Altars:

Shops:
D:1 *


Message History

The adder poisons you! The adder bites you but does no damage.
You hit the adder but do no damage.
The adder is severely wounded.
You feel sick.
The adder bites you but does no damage. x2
You closely miss the adder.
The adder is severely wounded.
You feel sick. You block the adder's attack.
You hit the adder.
The adder is almost dead.
You feel sick. The adder barely misses you. You block the adder's attack.
The adder bites you.
You miss the adder.
The adder is almost dead.
You feel sick.
You are no longer poisoned.
The adder bites you. The adder bites you but does no damage.
You barely miss the adder.
The adder is almost dead.
The adder bites you but does no damage. x2
You closely miss the adder.
The adder is almost dead.
The adder bites you. You block the adder's attack.
Your shield prevents you from hitting the adder.
The adder is almost dead.
The adder bites you.
* * * LOW HITPOINT WARNING * * *
You are poisoned.
The adder poisons you! You block the adder's attack.
You miss the adder.
The adder is almost dead.
* * * LOW HITPOINT WARNING * * *
You feel very sick. The adder bites you.
* * * LOW HITPOINT WARNING * * *
You are lethally poisoned!
The adder poisons you! The adder bites you.
* * * LOW HITPOINT WARNING * * *
You miss the adder.
The adder is severely wounded.
You die...

...#.###.# #....... ..
.........#####...#.##.#.###
............†.............#
##.############....####.#.#
P#)#...#................#.##
.#.#.P.#....................
.#.#...#..................##
.#.#P..############.......#
P#.#...# ......S@.........#
.###...# ........#........#
.b..b..# #######.##.......#
.P.P...# ....?......#
.PP..P.# ##.######.###
######## #... .# .#.##.###.#
#... .# ......)...# ...
..###.##


You could see an adder.

Vanquished Creatures
  An adder (D:2)
  2 ball pythons (D:1)
  3 endoplasms
  3 goblins
  A hobgoblin (D:1)
  2 kobolds (D:1)
  A quokka (D:1)
  7 bats
  3 frilled lizards (D:2)
  8 rats
31 creatures vanquished.

Notes
Turn   | Place    | Note
-------+----------+-------------------------------------------
     0 | D:1      | Metae the Hill Orc Fighter began the quest for the Orb.
     0 | D:1      | Reached XP level 1. HP: 19/19 MP: 1/1
    10 | D:1      | Found a faded altar of an unknown god.
   173 | D:1      | Reached XP level 2. HP: 27/27 MP: 2/2
   570 | D:1      | Found Zacvy's General Store.
  1000 | D:2      | Reached skill level 4 in Fighting
  1000 | D:2      | Reached XP level 3. HP: 33/33 MP: 3/3
  1152 | D:2      | Succumbed to an adder's poison

Illustrated notes

Levels and vault maps discovered:
D:1:      amcnicky_arrival_blooded_trapdoor, layout_basic,
          ebering_ecumenical_altar_webs, serial_shops, shop
D:2:      layout_basic, serial_aquarium, aquarium_bridge_long_joined
          [aquarium_subvault_balcony, aquarium_subvault_balcony,
          aquarium_subvault_bridge, aquarium_subvault_wall,
          aquarium_subvault_wall, aquarium_subvault_wall],
          aquarium_bridge_square [aquarium_subvault_bridge,
          aquarium_subvault_window, aquarium_subvault_wall,
          aquarium_subvault_wall], aquarium_window_corner,
          aquarium_window_corner, aquarium_window_corner, aquarium_window_1,
          aquarium_view_2b, aquarium_pool_2

Skill      XL: |  1  2 |
---------------+-------+-----
Axes           | 3 |  3.4
Fighting       | 4 |  4.1
Armour         | |  3.7
Shields        | |  3.7

Action                   || total
-------------------------++-------
Melee: War axe           ||    91
Armor: Scale mail        ||     9
       Chain mail        ||    45
Dodge: Dodged            ||    27
Block: Kite shield       ||    48
